 Dungeon Crawl Stone Soup version 0.29-a0-378-gc08b2e8bf8 (webtiles) character file.

Game seed: 1293619512520389789

11 zeratav the Sneak (level 2, -1/17 HPs)
             Began as a Kobold Enchanter on May 4, 2022.
             Slain by a rat (3 damage)
             ... on level 1 of the Dungeon.
             The game lasted 00:00:30 (488 turns).

zeratav the Sneak (Kobold Enchanter)                 Turns: 488, Time: 00:00:30

Health: -1/17      AC:  2    Str:  5    XL:     2   Next: 40%
Magic:  5/5        EV: 12    Int: 16    God:
Gold:   18         SH:  0    Dex: 15    Spells: 5/5 levels left

rFire   . . .      SeeInvis .   a - +1 dagger {short}
rCold   . . .      Faith    .   (no shield)
rNeg    . . .      Spirit   .   b - +0 robe
rPois   .          Reflect  .   (no helmet)
rElec   .          Harm     .   (no cloak)
rCorr   .          Rampage  .   (no gloves)
Will    .....                   (no boots)
Stlth   ++++......              (no amulet)
HPRegen 0.05/turn               (no ring)
MPRegen 0.09/turn               (no ring)

@: constricted
A: small, no large weapons, nightstalker 3
a: no special abilities


You were on level 1 of the Dungeon.
You visited 1 branch of the dungeon, and saw 1 of its levels.

You collected 18 gold pieces.


Innate Abilities, Weirdness & Mutations

You are small and have problems with some larger weapons.
You are completely attuned to the shadows.


   Skills:
 + Level 2.1 Fighting
 - Level 1.3 Short Blades
 - Level 2.4 Dodging
 - Level 4.0 Stealth
 - Level 2.1 Spellcasting
 - Level 3.0 Hexes


You had 5 spell levels left.
You didn't know any spells.
Your spell library contained the following spells:

 Spells                   Type           Power      Damage    Failure   Level
 Ensorcelled Hibernation  Hex/Ice        12%        N/A       17%         2
 Confusing Touch          Hex            11%        N/A       19%         3
 Tukima's Dance           Hex            11%        N/A       19%         3
 Dazzling Flash           Conj/Hex       12%        N/A       32%         3

Inventory:

Hand Weapons
 a - a +1 dagger (weapon) {short}
Armour
 b - a +0 robe (worn)
 e - a +0 robe
   (You found it on level 1 of the Dungeon)
Scrolls
 d - 2 scrolls of poison {unknown}
 f - a scroll of torment {unknown}
 g - a scroll of fog {unknown}
 h - a scroll of identify {unknown}
Potions
 c - 2 potions of invisibility

Dungeon Overview and Level Annotations

Branches:
Dungeon (1/15)

Altars:

.####. ..... .....∩.∩.
#.... ...>....#
####.##....
........###.##.....#....
............##.# #.##.#.
.......r##..##.# #>.....
.....##S##..#..###......
.....##@r..........##.#.
.....##..........####.#.
.....#####.)#.#### #.#.
#+#### #.#. #... ##..
#.. #.. #..


You could see a ball python and 2 rats.


Message History

No target in view!
No target in view!
No target in view!
No target in view!
No target in view!
No target in view!
No target in view!
No target in view!
No target in view!
No target in view!
No target in view!
An endoplasm comes into view.
An endoplasm is nearby!
The helpless endoplasm fails to defend itself.
You impale the endoplasm!!
You kill the endoplasm!
No target in view!
No target in view!
No target in view!
No target in view!
No target in view!
No target in view!
No target in view!
No target in view!
No target in view!
No target in view!
No target in view!
No target in view!
No target in view!
h - a scroll labelled RIGEVY ILETO A ball python comes into view.
Found a stone staircase leading down.
A ball python is nearby!
A hobgoblin comes into view.
The ball python hisses angrily.
The hobgoblin shouts!
The ball python bites you. The ball python misses you.
A rat comes into view.
You hear a shout!
You completely miss the ball python. The ball python barely misses you.
The ball python closely misses you.
You hit the ball python. The ball python bites you.
The ball python closely misses you.
A rat comes into view.
A goblin comes into view. It is wielding a +0 dagger.
The hobgoblin completely misses you.
HP[-3]
You take 3 damage, and now have 14/17 hp.
You closely miss the ball python. The ball python bites you.
The ball python grabs you. The ball python constricts you.
The hobgoblin hits you. The ball python bites you.
* * * LOW HITPOINT WARNING * * *
The ball python constricts you.
* * * LOW HITPOINT WARNING * * *
You are too injured to fight recklessly!
You are too injured to fight recklessly!
HP[-7]
You take 7 damage, and now have 7/17 hp.
MASSIVE DAMAGE!! (PAUSE)
You are too injured to fight recklessly!
You are too injured to fight recklessly!
You are too injured to fight recklessly!
You are too injured to fight recklessly!
You are too injured to fight recklessly!
You are too injured to fight recklessly!
You are too injured to fight recklessly!
You are too injured to fight recklessly!
You are too injured to fight recklessly!
You are too injured to fight recklessly!
You are too injured to fight recklessly!
You are too injured to fight recklessly!
You are too injured to fight recklessly!
You are too injured to fight recklessly!
You are too injured to fight recklessly!
You escape the ball python's grasp.
The hobgoblin attacks as you move away! The hobgoblin barely misses you.
The goblin hits you with a +0 dagger.
* * * LOW HITPOINT WARNING * * *
HP[-3]
You take 3 damage, and now have 4/17 hp.
You hit the goblin. The goblin hits you with a +0 dagger.
* * * LOW HITPOINT WARNING * * *
HP[-3]
You take 3 damage, and now have 1/17 hp.
You barely miss the goblin. The goblin closely misses you.
You hit the goblin.
You kill the goblin!
Your Fighting skill increases to level 2!
You hit the hobgoblin. You completely miss the hobgoblin.
The hobgoblin barely misses you.
You hit the hobgoblin. The hobgoblin closely misses you.
You hit the hobgoblin.
You kill the hobgoblin!
You closely miss the rat. The rat closely misses you.
You hit the rat. You completely miss the ball python.
The rat closely misses you. The ball python misses you.
The ball python grabs you. The ball python constricts you.
HP[+1]
You hit the ball python. The rat bites you.
You die...

Skill      XL: |  1  2 |
---------------+-------+-----
Fighting       | 1 2 |  2.1
Short Blades   | |  1.3
Dodging        | |  2.4
Stealth        | |  4.0
Spellcasting   | |  2.1
Hexes          | |  3.0

Action                   || total
-------------------------++-------
Melee: Dagger            ||    23
 Stab: Sleeping          ||     8
Dodge: Dodged            ||    13

Levels and vault maps discovered:
D:1:      wander_arrival_estate, layout_loops_ring,
          hellmonk_ecumenical_altar_slurped_away, serial_shops,
          nicolae_shop_competitors_out_of_business, minmay_fountain_box

Notes
Turn   | Place    | Note
-------+----------+-------------------------------------------
     0 | D:1      | zeratav the Kobold Enchanter began the quest for the Orb.
     0 | D:1      | Reached XP level 1. HP: 10/10 MP: 3/3
     0 | D:1      | magus.rc [v1.9.6]
   310 | D:1      | Reached skill level 1 in Fighting
   333 | D:1      | Reached XP level 2. HP: 16/16 MP: 5/5
   476 | D:1      | HP: 4/17 [goblin/+0 dagger (3)]
   478 | D:1      | HP: 1/17 [goblin/+0 dagger (3)]
   481 | D:1      | Reached skill level 2 in Fighting
   488 | D:1      | Slain by a rat

Vanquished Creatures
  An endoplasm (D:1)
  A goblin (D:1)
  3 hobgoblins (D:1)
  A kobold (D:1)
  3 ball pythons (D:1)
  A frilled lizard (D:1)
  A rat (D:1)
11 creatures vanquished.

Table legend:
 A = Non-vault XP
 B = Vault XP
 C = Vault XP percentage of total XP
 D = Non-vault monster count
 E = Vault monster count
 F = Vault count percentage of total count
                 A         B        C        D         E       F
            +---------+---------+-------+---------+---------+-------
      Total |      17 |       0 |   0.0 |      11 |       0 |   0.0
            +---------+---------+-------+---------+---------+-------
        D:1 |      17 |       0 |   0.0 |      11 |       0 |   0.0
            +---------+---------+-------+---------+---------+-------

Illustrated notes

Table legend:
 A = Kills in this place as a percentage of kills in entire the game.
 B = Kills by you in this place as a percentage of kills by you in the entire game.
 C = Kills by friends in this place as a percentage of kills by friends in the entire game.
 D = Other kills in this place as a percentage of other kills in the entire game.
 E = Experience gained in this place as a percentage of experience gained in the entire game.
 F = Experience gained in this place divided by the number of levels of this place that you have seen.
                   A       B       C       D       E      F
               +-------+-------+-------+-------+-------+----------------------
         Total | 100.0 | 100.0 |   N/A |   N/A | 100.0 |  17.0
       Dungeon | 100.0 | 100.0 |   N/A |   N/A | 100.0 |  17.0
               +-------+-------+-------+-------+-------+----------------------

Table legend: (Time is in decaauts)
 A = Elapsed time spent in this place.
 B = Non-inter-level travel time spent in this place.
 C = Inter-level travel time spent in this place.
 D = Time resting spent in this place.
 E = Time spent auto-exploring this place.
 F = Levels seen in this place.
 G = Mean time per level.
                   A        B        C        D        E       F      G
               +--------+--------+--------+--------+--------+-----+--------+
         Total |    486 |    486 |      0 |      0 |    419 |   1 |  486.0 |
       Dungeon |    486 |    486 |      0 |      0 |    419 |   1 |  486.0 |
               +--------+--------+--------+--------+--------+-----+--------+

Top non-repeatable levels by time:
     D:1: 486 daAuts
